 Dungeon Crawl Stone Soup version 0.30-a0-860-g512cf1e979 (webtiles) character file.

Game seed: 15231086318811551939

443 Zenkrye the Poker (level 7, -8/52 HPs)
             Began as a Human Cinder Acolyte on Mar 7, 2023.
             Was a High Priest of Ignis.
             Mangled by an ogre
             ... wielding a +0 giant club
              (12 damage)
             ... on level 5 of the Dungeon.
             The game lasted 00:08:10 (3462 turns).

Zenkrye the Poker (Human Cinder Acolyte)            Turns: 3462, Time: 00:08:11

Health: -8/52      AC:  5    Str: 16    XL:     7   Next: 23%
Magic:  3/9        EV: 10    Int: 21    God:    Ignis [*****.]
Gold:   202        SH:  0    Dex:  8    Spells: 6/8 levels left

rFire   + . .      SeeInvis .    a - +0 spear (flame)
rCold   . . .      Faith    .    (no shield)
rNeg    . . .      Spirit   .    u - +0 ring mail
rPois   .          Reflect  .    (no helmet)
rElec   .          Rampage  .    (no cloak)
rCorr   .                        (no gloves)
Will    .....                    (no boots) Stlth
                                 (no amulet)
HPRegen 0.28/turn                t - +6 ring of intelligence
MPRegen 0.11/turn                (no ring)

@: no status effects
A: no striking features
a: Renounce Religion, Fiery Armour, Foxfire Swarm, Rising Flame


You were on level 5 of the Dungeon.
You worshipped Ignis.
Ignis was extremely pleased with you.
You visited 1 branch of the dungeon, and saw 5 of its levels.

You collected 202 gold pieces.

Inventory:

Hand Weapons
 a - a +0 spear of flaming (weapon)
Missiles
 r - 10 poisoned darts (quivered)
Armour
 b - a +0 robe
 c - a +0 leather armour
 h - a +0 tower shield
 m - a +0 scale mail
 p - a +0 chain mail
 u - a +0 ring mail (worn)
Jewellery
 t - a +6 ring of intelligence (left hand)
Wands
 d - a wand of paralysis (6)
 o - a wand of flame (19)
Scrolls
 g - a scroll of teleportation {@r3}
 j - a scroll of blinking {@r4}
 l - a scroll of immolation
Potions
 e - a potion of haste {@q3}
 f - a potion of curing {@q1}
 k - a potion of resistance {@q6}
 n - 2 potions of brilliance
 q - a potion of might {unknown}
 s - a potion of flight {unknown}


   Skills:
 - Level 3.0 Fighting
 + Level 7.6 Polearms
 + Level 1.3 Spellcasting
 - Level 3.0 Fire Magic


You had 6 spell levels left.
You knew the following spells:

 Your Spells              Type           Power      Damage    Failure   Level
a - Scorch                Fire           28%        2d6       13%         2

Your spell library contained the following spells:

 Spells                   Type           Power      Damage    Failure   Level
 Sting                    Tmut/Pois      4%         1d3       30%         1
 Poisonous Vapours        Pois/Air       2%         N/A       41%         2
 Olgreb's Toxic Radiance  Pois           1%         N/A       96%         4


Dungeon Overview and Level Annotations

Branches:
Dungeon (5/15)             Temple (0/1) D:4

Altars:
Dithmenos
Uskayaw
Xom

Shops:
D:3 (


Message History

Done exploring.
As you read the scroll labelled UNO KEJ FYIDGH, it crumbles to dust.
It is a scroll of identify.
k - a potion of resistance;
i - a scroll of identify
d - a wand of paralysis (6)
As you read the scroll of identify {@r1}, it crumbles to dust.
n - 2 potions of brilliance
There is a stone staircase leading down here.
You climb downwards.
You hear the sound of rushing water.
There is an entrance to a sewer on this level.
Hurry and find it before the portal rusts away!
Found 8 stones.
There is a stone staircase leading up here.
Found an escape hatch in the ceiling.
r - 10 poisoned darts (gained 6)
An ogre comes into view. It is wielding a +0 giant club.
The ogre shouts!
Found a leather armour.
You barely miss the ogre. You closely miss the ogre.
The ogre hits you with a +0 giant club!!
Ouch! That really hurt!
Casting: Scorch (safe; 13% risk of failure)
Confirm with . or Enter, or press ? or * to list all spells.
Flames lash the ogre.
The ogre is lightly wounded.
The ogre's fire resistance burns away.
Unknown command.
Casting: Scorch (safe; 13% risk of failure)
Confirm with . or Enter, or press ? or * to list all spells.
Flames lash the ogre.
The ogre is burned terribly!
The ogre is heavily wounded.
The ogre hits you with a +0 giant club!!
* * * LOW HITPOINT WARNING * * *
Casting: Scorch (safe; 13% risk of failure)
Confirm with . or Enter, or press ? or * to list all spells.
Flames lash the ogre.
The ogre is burned terribly!
The ogre is heavily wounded.
The ogre hits you with a +0 giant club!
You die...

## .. ####### #. .......
####[ ...#... ##.#..
....... ##.....#O..#...
##...#.#@.......
........#################
...#.......##.....<...##.
####...###..###.......
###......# #.......
#......###...###.
#.............#..
.......#.....##(....
...#..........#.....


You could see an ogre (combustible).

Vanquished Creatures
  Menkaure (D:4)
  A phantom (D:3)
  A scorpion (D:4)
  A crimson imp (D:4)
  A hound (D:4)
  4 adders
  A white imp (D:4)
  A worm (D:4)
  4 dart slugs
  7 ball pythons
  5 bats
  5 endoplasms
  4 giant cockroaches
  6 goblins
  5 hobgoblins
  2 jackals (D:3)
  2 quokkas (D:1)
  2 frilled lizards
  6 kobolds
  6 rats
65 creatures vanquished.

Notes
Turn   | Place    | Note
-------+----------+-------------------------------------------
     0 | D:1      | Zenkrye the Human Cinder Acolyte began the quest for the
                  | Orb.
     0 | D:1      | Reached XP level 1. HP: 18/18 MP: 2/2
   123 | D:1      | Reached XP level 2. HP: 21/24 MP: 3/3
   172 | D:1      | Learned a level 2 spell: Scorch
   816 | D:1      | Reached skill level 4 in Polearms
   816 | D:1      | Reached XP level 3. HP: 24/29 MP: 4/4
  1179 | D:2      | Reached XP level 4. HP: 29/35 MP: 5/5
  1464 | D:2      | You fall into a shaft and drop 1 floor!
  1464 | D:3      | Found Vanob's Antique Weapon Emporium.
  1496 | D:3      | Noticed a phantom
  1511 | D:3      | Killed a phantom
  1512 | D:3      | Reached skill level 5 in Polearms
  1512 | D:3      | Reached XP level 5. HP: 26/41 MP: 2/6
  1852 | D:3      | Found a hide-covered altar of Uskayaw.
  2069 | D:3      | Reached skill level 6 in Polearms
  2317 | D:4      | Reached XP level 6. HP: 39/47 MP: 2/7
  2544 | D:4      | Found a shimmering altar of Xom.
  2553 | D:4      | Noticed Menkaure
  2563 | D:4      | Killed Menkaure
  2564 | D:4      | Reached skill level 7 in Polearms
  2564 | D:4      | Reached XP level 7. HP: 16/52 MP: 1/8
  2739 | D:4      | Found a staircase to the Ecumenical Temple.
  2947 | D:4      | Found a shadowy altar of Dithmenos.
  3428 | D:5      | Entered Level 5 of the Dungeon
  3462 | D:5      | Mangled by an ogre

Illustrated notes

Levels and vault maps discovered:
D:1:      dpeg_arrival_radiant, layout_basic, kennysheep_small_spiral
D:2:      layout_basic
D:3:      layout_basic, nicolae_uskayaw_murder_on_the_dancefloor, serial_shops,
          nicolae_shop_hallway_plus
D:4:      layout_loops_cross, grunt_dithmenos_smoke_and_mirrors,
          kennysheep_mini, minmay_temple_entry_junction_2,
          minmay_fire_ice_demons, uniq_menkaure
D:5:      layout_cave_pools, mainiacjoe_overflow_boulevard,
          kennysheep_little_box, lemuel_coloured_pillars_altar,
          cheibrodos_sewer_entry_bend, nicolae_underground_beach,
          uniq_prince_ribbit1, uniq_blork_the_orc

Skill      XL: |  1  2  3  4  5  6 |
---------------+-------------------+-----
Polearms       | 4 5 6 7 |  7.6
Fighting       | |  3.0
Spellcasting   | |  1.3
Fire Magic     | |  3.0

Action                     |  1- 3 |  4- 6 |  7- 9 || total
---------------------------+-------+-------+-------++-------
  Melee: Spear             |   104 |   113 |    46 ||   263
         Punch             |     1 |     2 |       ||     3
  Throw: Dart              |       |       |     4 ||     4
   Cast: Scorch            |     2 |    14 |    12 ||    28
    Use: Scroll            |     3 |     4 |     2 ||     9
         Potion            |       |     4 |       ||     4
 Armour: Leather armour    |    31 |    22 |       ||    53
         Ring mail         |       |       |     7 ||     7
  Dodge: Dodged            |    44 |    45 |    14 ||   103

Table legend: (Time is in decaauts)
 A = Elapsed time spent in this place.
 B = Non-inter-level travel time spent in this place.
 C = Inter-level travel time spent in this place.
 D = Time resting spent in this place.
 E = Time spent auto-exploring this place.
 F = Levels seen in this place.
 G = Mean time per level.
                   A        B        C        D        E       F      G
               +--------+--------+--------+--------+--------+-----+--------+
         Total |   3408 |   3278 |    130 |    289 |   2375 |   5 |  681.6 |
       Dungeon |   3408 |   3278 |    130 |    289 |   2375 |   5 |  681.6 |
               +--------+--------+--------+--------+--------+-----+--------+

Top non-repeatable levels by time:
     D:1: 1114 daAuts
     D:4: 1100 daAuts
     D:3: 716 daAuts
     D:2: 443 daAuts
     D:5: 33 daAuts
